 Dungeon Crawl Stone Soup version 0.31-a0-18-gea43df2a32 (webtiles) character file.

Game seed: 9943152896154805211

203 Dittersdorf the Covered (level 5, -4/34 HPs)
             Began as a Gargoyle Fighter on May 9, 2023.
             Slain by Edmund
             ... wielding a +0 dire flail of draining
              (9 damage)
             ... on level 4 of the Dungeon.
             The game lasted 00:05:05 (3013 turns).

Dittersdorf the Covered (Gargoyle Fighter)          Turns: 3013, Time: 00:05:05

Health: -4/34      AC: 14    Str: 22    XL:     5   Next: 81%
Magic:  5/5        EV:  8    Int:  8    God:
Gold:   184        SH:  4    Dex:  9    Spells: 4/4 levels left

rFire   + . .        a - +0 flail (flame)
rCold   . . .        c - +0 buckler
rNeg    + . .        n - +0 chain mail
rPois   ∞            (no helmet)
rElec   +            (no cloak)
rCorr   .            i - +0 pair of gloves
SInv    .            (no boots)
Will    +....        (no amulet) Stlth
                     k - ring of willpower
HPRegen 0.25/turn    s - ring of protection from fire
MPRegen 0.09/turn

%: no passive effects
@: no status effects
A: sickness immunity, AC +4, negative energy resistance 1, electricity
resistance, torment resistance 1, petrification resistance
a: no special abilities


You were on level 4 of the Dungeon.
You visited 1 branch of the dungeon, and saw 4 of its levels.

You collected 184 gold pieces.

Inventory:

Hand Weapons
 a - a +0 flail of flaming (weapon)
Armour
 c - a +0 buckler (worn)
 i - a +0 pair of gloves (worn)
 n - a +0 chain mail (worn)
Jewellery
 b - a ring of fire
 k - a ring of willpower (left hand)
 s - a ring of protection from fire (right hand)
Scrolls
 f - a scroll of immolation {unknown}
 j - a scroll of fog {unknown}
 o - a scroll of brand weapon
 q - a scroll of fear
 r - a scroll of teleportation
Potions
 d - 2 potions of might
 g - a potion of cancellation
 l - 2 potions of brilliance
 m - a potion of flight
 p - a potion of heal wounds


   Skills:
 + Level 4.4 Fighting
 + Level 3.3 Maces & Flails
 + Level 4.4 Armour
 + Level 4.4 Shields


You had 4 spell levels left.
You didn't know any spells.
Your spell library contained the following spells:

 Spells                   Type           Power      Damage    Failure   Level
 Gell's Gravitas          Tloc           0%         N/A       100%        3
 Stone Arrow              Conj/Erth      0%         3d7       100%        3
 Teleport Other           Tloc           0%         N/A       100%        3
 Animate Armour           Summ/Erth      0%         N/A       100%        4
 Dispersal                Tloc           0%         N/A       100%        6
 Lehudib's Crystal Spear  Conj/Erth      0%         10d2      100%        8


Dungeon Overview and Level Annotations

Branches:
Dungeon (4/15)
 Temple: D:4-7

Altars:
Kikubaaqudgha
Ru
Xom

Annotations:
D:4 Edmund


Innate Abilities, Weirdness & Mutations

You are immune to sickness and miasma.
Your stone body is resilient. (AC +4)
You are immune to poison.
You resist negative energy. (rN+)
You are resistant to electric shocks. (rElec)
You are resistant to unholy torment.
You are immune to petrification.


Message History

Throw: 3 darts (poison)
Press: ? - help, Q - select action Shift-Dir - straight line, f/p - Edmund
Aim: Edmund, wielding a +0 dire flail of draining and wearing a +0 leather armour (severely wounded, unusually resistant, 56% to hit)
You throw a poisoned dart. The poisoned dart barely misses Edmund.
Edmund completely misses you.
Throw: 2 darts (poison)
Press: ? - help, Q - select action Shift-Dir - straight line, f/p - Edmund
Aim: Edmund, wielding a +0 dire flail of draining and wearing a +0 leather armour (severely wounded, unusually resistant, 56% to hit)
You throw a poisoned dart. The poisoned dart hits Edmund.
Edmund is severely wounded.
Edmund closely misses you.
Throw: dart (poison)
Press: ? - help, Q - select action Shift-Dir - straight line, f/p - Edmund
Aim: Edmund, wielding a +0 dire flail of draining and wearing a +0 leather armour (severely wounded, unusually resistant, 56% to hit)
You throw a poisoned dart. The poisoned dart barely misses Edmund.
Edmund hits you with a +0 dire flail of draining.
* * * LOW HITPOINT WARNING * * *
Unknown command.
Unknown command.
You barely miss Edmund.
Edmund is severely wounded.
Edmund closely misses you.
You barely miss Edmund.
Edmund is severely wounded.
You block Edmund's attack.
You hit Edmund.
Edmund is severely wounded.
Edmund closely misses you.
Edmund clears his throat.
Edmund hits you but does no damage.
You thump Edmund! You burn Edmund.
Edmund is almost dead.
Edmund hits you but does no damage.
You hit Edmund but do no damage.
Edmund is almost dead.
You block Edmund's attack.
You closely miss Edmund.
Edmund is almost dead.
Edmund hits you with a +0 dire flail of draining!
You die...

.≈....####**,*******,*,,*,****
.≈.....#..,*,*,,,*,,,*#.,,,****
.≈...#.#.#,*,*,*,#,,,#..,,,,,,**
~≈...###.#,,,,,*.#*,....,,,,,,,*
,......#.#######.#,....(,,,,,,**
##.......##......##.(.(.,,,,,,*
...............###.(....,,,,,**
.........###............,*****
..........#.....@@.....(,*,,***
.........##.............,,,,,,***
..........#.............,,,,,,,,*
........####............,,,,,,,,*
.........# #....#.......*,,,,,,,*
.........###....#......#*,,,,,,**
.........).............#,,,*,,,*
.......##....)........##,,,*,,**
.......##........,.....,,,,,,,*


You could see Edmund (resistant).

Vanquished Creatures
  2 hounds (D:4)
  6 adders
  3 dart slugs
  6 orcs
  5 endoplasms
  3 giant cockroaches (D:1)
  8 goblins
  8 hobgoblins
  4 jackals (D:1)
  4 quokkas
  7 ball pythons
  4 bats
  3 frilled lizards
  6 kobolds
  5 rats
74 creatures vanquished.

Notes
Turn   | Place    | Note
-------+----------+-------------------------------------------
     0 | D:1      | Dittersdorf the Gargoyle Fighter began the quest for the
                  | Orb.
     0 | D:1      | Reached XP level 1. HP: 14/14 MP: 1/1
   295 | D:1      | Reached XP level 2. HP: 19/19 MP: 2/2
   954 | D:1      | Reached XP level 3. HP: 23/23 MP: 3/3
  1501 | D:2      | Reached XP level 4. HP: 28/29 MP: 4/4
  1608 | D:2      | Found a sacrificial altar of Ru.
  1634 | D:2      | Found a faded altar of an unknown god.
  2699 | D:4      | Found a shimmering altar of Xom.
  2724 | D:4      | Reached XP level 5. HP: 33/33 MP: 5/5
  2779 | D:4      | Found an ancient bone altar of Kikubaaqudgha.
  2985 | D:4      | Noticed Edmund
  3013 | D:4      | Slain by Edmund

Illustrated notes

Levels and vault maps discovered:
D:1:      evilmike_arrival_crescent, layout_basic, minmay_hedge_maze
D:2:      layout_basic, ebering_ecumenical_altar_petrified, basic_altar
D:3:      minmay_recursive_quarters, layout_loops_ring
D:4:      layout_cave_pools, mainiacjoe_overflow_brackets,
          kiku_gazebo_pond_becter, minmay_misc_feat_ornament, uniq_edmund

Skill      XL: |  1  2  3  4 |
---------------+-------------+-----
Armour         | 4 |  4.4
Shields        | 4 |  4.4
Fighting       | 4 |  4.4
Maces & Flails | 3 |  3.3

Action                     |  1- 3 |  4- 6 || total
---------------------------+-------+-------++-------
  Melee: Flail             |   340 |   150 ||   490
  Throw: Dart              |       |    10 ||    10
    Use: Scroll            |       |    10 ||    10
 Armour: Scale mail        |    82 |     1 ||    83
         Chain mail        |       |   105 ||   105
  Dodge: Dodged            |    80 |    78 ||   158
  Block: Buckler           |    39 |    47 ||    86

Table legend: (Time is in decaauts)
 A = Elapsed time spent in this place.
 B = Non-inter-level travel time spent in this place.
 C = Inter-level travel time spent in this place.
 D = Time resting spent in this place.
 E = Time spent auto-exploring this place.
 F = Levels seen in this place.
 G = Mean time per level.
                   A        B        C        D        E       F      G
               +--------+--------+--------+--------+--------+-----+--------+
         Total |   3167 |   3113 |     54 |    202 |   1965 |   4 |  791.8 |
       Dungeon |   3167 |   3113 |     54 |    202 |   1965 |   4 |  791.8 |
               +--------+--------+--------+--------+--------+-----+--------+

Top non-repeatable levels by time:
     D:1: 1311 daAuts
     D:3: 922 daAuts
     D:2: 603 daAuts
     D:4: 331 daAuts
